 Dungeon Crawl Stone Soup version 0.22-a0-480-g991dd4b (webtiles) character file.

585 CougarLife the Shield-Bearer (level 7, 46/60 HPs)
             Began as a Gnoll Fighter on June 16, 2018.
             Quit the game on level 5 of the Dungeon.
             The game lasted 00:03:14 (2741 turns).

CougarLife the Shield-Bearer (Gnoll Fighter)        Turns: 2741, Time: 00:03:15

Health: 46/60      AC:  7    Str: 21    XL:     7   Next: 37%
Magic:  10/10      EV:  9    Int: 10    God:
Gold:   158        SH: 11    Dex: 14    Spells: 10/10 levels left

rFire    . . .     SeeInvis .   a - +0 war axe
rCold    . . .     Gourm    .   c - +0 shield
rNeg     . . .     Faith    .   b - +0 scale mail
rPois    .         Spirit   .   (no helmet)
rElec    .         Reflect  .   (no cloak)
rCorr    .         Harm     .   (no gloves)
MR       .....                  (no boots)
Stlth    +.........             (no amulet)
HPRegen  0.20/turn              (no ring)
MPRegen  0.12/turn              (no ring)

@: no status effects
A: distributed training, fangs 1, strong nose
a: no special abilities


You were on level 5 of the Dungeon.
You were not hungry.

You visited 1 branch of the dungeon, and saw 5 of its levels.

You collected 158 gold pieces.

Inventory:

Hand Weapons
 a - a +0 war axe (weapon)
Armour
 b - a +0 scale mail (worn)
 c - a +0 shield (worn)
Wands
 p - a wand of random effects (19)
Scrolls
 e - 2 scrolls of remove curse {unknown}
 h - a scroll of amnesia {unknown}
 l - a scroll of noise {unknown}
 m - a scroll of teleportation {unknown}
 o - 2 scrolls of identify {unknown}
 q - 2 scrolls of blinking {unknown}
Potions
 d - a potion of might
 g - a potion of lignification {unknown}
 i - 3 potions of agility {unknown}
 j - a potion of ambrosia {unknown}
 k - a potion of berserk rage {unknown}
 n - 2 potions of flight {unknown}
Comestibles
 f - 14 rations


   Skills:
 + Level 7.0 Fighting
 + Level 2.4 Short Blades
 + Level 2.4 Long Blades
 + Level 5.2 Axes
 + Level 2.4 Maces & Flails
 + Level 2.4 Polearms
 + Level 2.4 Staves
 + Level 2.4 Slings
 + Level 2.4 Bows
 + Level 2.4 Crossbows
 + Level 2.4 Throwing
 + Level 7.0 Armour
 + Level 2.4 Dodging
 + Level 2.4 Stealth
 + Level 7.0 Shields
 + Level 2.4 Unarmed Combat
 + Level 2.4 Spellcasting
 + Level 2.0 Conjurations
 + Level 2.0 Hexes
 + Level 2.0 Charms
 + Level 2.0 Summonings
 + Level 2.0 Necromancy
 + Level 2.0 Translocations
 + Level 2.0 Transmutations
 + Level 2.0 Fire Magic
 + Level 2.0 Ice Magic
 + Level 2.0 Air Magic
 + Level 2.0 Earth Magic
 + Level 2.0 Poison Magic
 + Level 2.6 Invocations
 + Level 2.4 Evocations


You had 10 spell levels left.
You didn't know any spells.
Your spell library was empty.

Dungeon Overview and Level Annotations

Branches:
Dungeon (5/15)
 Temple: D:4-7

Altars:
Fedhas
Hepliaklqana
Kikubaaqudgha
Makhleb

Shops:
D:4 (


Innate Abilities, Weirdness & Mutations

Your experience applies equally to all skills.
You have very sharp teeth.
Your uncanny sense of smell can sniff out nearby items.


Message History

You slash the worker ant!
You kill the worker ant!
Your Conjurations skill increases to level 2!
Your Hexes skill increases to level 2!
Your Charms skill increases to level 2!
Your Summonings skill increases to level 2!
Your Necromancy skill increases to level 2!
Your Translocations skill increases to level 2!
Your Transmutations skill increases to level 2!
Your Fire Magic skill increases to level 2!
Your Ice Magic skill increases to level 2!
Your Air Magic skill increases to level 2!
Your Earth Magic skill increases to level 2!
Your Poison Magic skill increases to level 2!
Unknown command.
Unknown command.
Unknown command.
Unknown command.
Unknown command.
Are you sure you want to abandon this character and quit the game? (Confirm with "yes".)

#.#.# #...# .# #.. #.
#...# .. ..# # ##....
#. #.. # ##.....
..#...# #. ##..#...
.#.#. #. ##.......
... #.##..###... #†#
.#......#.. #@#
...####.###
####.######.#####.###
#......#.............
#.#......##.#####.###
# #....####.#####.#
.(...##.# #.......#
##.#. #.# #########
#...∆..# ##.. .>.


There were no monsters in sight!

Vanquished Creatures
  A phantom (D:4)
  An ogre (D:4)
  A scorpion (D:4)
  2 hounds
  A jelly (D:4)
  2 bullfrog skeletons
  A worker ant (D:5)
  A hound skeleton (D:4)
  6 adders
  An adder skeleton (D:4)
  8 worms
  5 dart slugs
  3 leopard geckos
  6 orcs
  2 giant cockroaches
  6 hobgoblins
  10 jackals
  4 quokkas
  2 ball pythons
  12 bats
  7 frilled lizards
  5 goblins
  4 kobolds
  8 rats
99 creatures vanquished.

Notes
Turn   | Place    | Note
-------+----------+-------------------------------------------
     0 | D:1      | CougarLife the Gnoll Fighter began the quest for the Orb.
     0 | D:1      | Reached XP level 1. HP: 23/23 MP: 1/1
   163 | D:1      | Reached XP level 2. HP: 26/29 MP: 2/2
   719 | D:2      | Reached XP level 3. HP: 35/35 MP: 3/3
   868 | D:2      | Reached skill level 1 in Invocations
  1082 | D:2      | Reached skill level 1 in Short Blades
  1082 | D:2      | Reached skill level 1 in Long Blades
  1082 | D:2      | Reached skill level 1 in Maces & Flails
  1082 | D:2      | Reached skill level 1 in Polearms
  1082 | D:2      | Reached skill level 1 in Staves
  1082 | D:2      | Reached skill level 1 in Slings
  1082 | D:2      | Reached skill level 1 in Bows
  1082 | D:2      | Reached skill level 1 in Crossbows
  1082 | D:2      | Reached skill level 1 in Throwing
  1082 | D:2      | Reached skill level 1 in Dodging
  1082 | D:2      | Reached skill level 1 in Stealth
  1082 | D:2      | Reached skill level 1 in Unarmed Combat
  1082 | D:2      | Reached skill level 1 in Spellcasting
  1082 | D:2      | Reached skill level 1 in Evocations
  1082 | D:2      | Reached XP level 4. HP: 35/41 MP: 5/5
  1340 | D:2      | Reached skill level 1 in Conjurations
  1340 | D:2      | Reached skill level 1 in Hexes
  1340 | D:2      | Reached skill level 1 in Charms
  1340 | D:2      | Reached skill level 1 in Summonings
  1340 | D:2      | Reached skill level 1 in Necromancy
  1340 | D:2      | Reached skill level 1 in Translocations
  1340 | D:2      | Reached skill level 1 in Transmutations
  1340 | D:2      | Reached skill level 1 in Fire Magic
  1340 | D:2      | Reached skill level 1 in Ice Magic
  1340 | D:2      | Reached skill level 1 in Air Magic
  1340 | D:2      | Reached skill level 1 in Earth Magic
  1340 | D:2      | Reached skill level 1 in Poison Magic
  1346 | D:2      | Found an ancient bone altar of Kikubaaqudgha.
  1492 | D:3      | Reached XP level 5. HP: 47/47 MP: 6/6
  1508 | D:3      | Found a blossoming altar of Fedhas.
  1514 | D:3      | Found a burning altar of Makhleb.
  1514 | D:3      | Noticed a green death
  1517 | D:3      | Noticed a smoke demon
  1517 | D:3      | Noticed a smoke demon
  1940 | D:4      | Noticed a phantom
  1952 | D:4      | Killed a phantom
  1952 | D:4      | Reached XP level 6. HP: 51/53 MP: 8/8
  1969 | D:4      | Reached skill level 5 in Axes
  2075 | D:4      | Found Wiydia Soxo's Weapon Emporium.
  2102 | D:4      | Reached XP level 7. HP: 19/59 MP: 10/10
  2336 | D:4      | Found a hazy altar of Hepliaklqana.
  2647 | D:5      | Entered Level 5 of the Dungeon
  2741 | D:5      | Quit the game

Vault maps used:
D:1:      sevenhm_arrival_forest_fort_large_2
D:2:      kiku_gazebo_pond_becter, first_ration
D:3:      fedhas_altar_1, makhleb_altar_promises_db
D:4:      lemuel_doored_altar, serial_shops, shop, kennysheep_generic_room_6
D:5:      minmay_parallelograms, uniq_blork_the_orc

Skill      XL: |  1  2  3  4  5  6  7 |
---------------+----------------------+-----
Invocations    | 1 2 |  2.6
Short Blades   | 1 2 |  2.4
Long Blades    | 1 2 |  2.4
Maces & Flails | 1 2 |  2.4
Polearms       | 1 2 |  2.4
Staves         | 1 2 |  2.4
Slings         | 1 2 |  2.4
Bows           | 1 2 |  2.4
Crossbows      | 1 2 |  2.4
Throwing       | 1 2 |  2.4
Dodging        | 1 2 |  2.4
Stealth        | 1 2 |  2.4
Unarmed Combat | 1 2 |  2.4
Spellcasting   | 1 2 |  2.4
Evocations     | 1 2 |  2.4
Conjurations   | 1 2 |  2.0
Hexes          | 1 2 |  2.0
Charms         | 1 2 |  2.0
Summonings     | 1 2 |  2.0
Necromancy     | 1 2 |  2.0
Translocations | 1 2 |  2.0
Transmutations | 1 2 |  2.0
Fire Magic     | 1 2 |  2.0
Ice Magic      | 1 2 |  2.0
Air Magic      | 1 2 |  2.0
Earth Magic    | 1 2 |  2.0
Poison Magic   | 1 2 |  2.0
Axes           | 5 |  5.2
Fighting       | 7 |  7.0
Armour         | 7 |  7.0
Shields        | 7 |  7.0

Action                   |  1- 3 |  4- 6 |  7- 9 || total
-------------------------+-------+-------+-------++-------
Melee: War axe           |    89 |   154 |    40 ||   283
       Bite              |    14 |    19 |     5 ||    38
  Eat: Chunk             |     1 |     2 |     3 ||     6
Armor: Scale mail        |    32 |    51 |    11 ||    94
Dodge: Dodged            |    21 |    45 |     9 ||    75
Block: Shield            |    47 |    84 |    23 ||   154

Table legend:
 A = Spawn XP
 B = Non-spawn XP
 C = Spawn XP percentage of total XP
 D = Spawn monster count
 E = Non-spawn monster count
 F = Spawn count percentage of total count
 G = Total turns spent on level
                    A         B        C        D         E        F      G
               +---------+---------+-------+---------+---------+-------+---------
         Total |       0 |     837 |   0.0 |       0 |      99 |   0.0 |  2741
               +---------+---------+-------+---------+---------+-------+---------
           D:1 |       0 |      33 |   0.0 |       0 |      18 |   0.0 |   705
           D:2 |       0 |     102 |   0.0 |       0 |      23 |   0.0 |   703
           D:3 |       0 |     128 |   0.0 |       0 |      32 |   0.0 |   528
           D:4 |       0 |     500 |   0.0 |       0 |      24 |   0.0 |   711
           D:5 |       0 |      74 |   0.0 |       0 |       2 |   0.0 |    94
               +---------+---------+-------+---------+---------+-------+---------
